Unix NetHack Version 5.0.0-0 post-release - last build May  4 2026 22:22:43 (774f63e81ad911689b3a0859ea89b322d5daca8d,branch:main).

Game began 2026-05-06 14:18:41, ended 2026-05-06 14:47:23.

ButtonHitter, neutral female human Valkyrie

                                 ----       ---
   ----                 -----  ---..---  ---..|
   |..|                  ....- |......---.|...---
   |..|                  -....--................
   --.|                 --....................-
    |.|          ----   |.....................|
   --.|         --..|     ...................
   |..|         |...--     -...............|
  --..|         --...--    |..............-
  |..-|    ---#--.....--     -...........-
  |.*.|    |..%..a.....|     |.%.........---
  --..--  --.------^a@--      -.%-#..[-....---    ---  ...
   |-..| --..|    --@-|   --#--.....)%.................`  >...
   |...---..--     |..---#-.--....---.....................|
   --...%%.--      |.....)).......|...............(......---   ---
   --..-----       -----.-.........-...............................-
   |.....|             |..................................-
   |.....|             |.................------.........| ...
   --.|.--             |.--------..--.----     --...--.--   --
    -----              ---      -------           .-- --
                                                  --
ButtonHitter the Fighter    St:18 Dx:11 Co:18 In:10 Wi:8 Ch:8  Neutral
Dlvl:10 $:389 HP:0(62) Pw:21(21) AC:1  Xp:7/1178 T:3567 

Latest messages:
 You hit the Grey-elf!
 The Grey-elf swings her elven broadsword.
 The Grey-elf hits!
 The Grey-elf wields an elven broadsword!
 The elven broadsword welds itself to the Grey-elf's hand!
 You hit the Grey-elf!
 You kill the Grey-elf!
 You miss the Grey-elf.
 The Grey-elf shoots 3 elven arrows!
 You are hit by the 1st elven arrow!
 You are almost hit by the 2nd elven arrow.
 You are hit by the 3rd elven arrow!
 The Grey-elf swings his elven broadsword.
 The Grey-elf hits!
 The Grey-elf shoots 2 elven arrows!
 The 1st elven arrow hits the Grey-elf!
 The 2nd elven arrow misses the Grey-elf.
 The 2nd elven arrow misses you.
 The Grey-elf shoots 2 elven arrows!
 The 1st elven arrow hits the Grey-elf!
 The 2nd elven arrow misses the Grey-elf.
 The 2nd elven arrow misses you.
 The Grey-elf shoots an elven arrow!
 The elven arrow hits the Grey-elf.
 What do you want to read? [mALRY or ?*] ?
 As you read the scroll, it disappears.
 v - an uncursed potion of see invisible.
 What do you want to read? [mALRY or ?*] m
 As you read the scroll, it disappears.
 R - an uncursed scroll of teleportation.
 You stop waiting.
 What do you want to zap? [FJMQ or ?*] ?
 In what direction? b
 The wand misses the Grey-elf.
 The Grey-elf swings his elven broadsword.
 The Grey-elf misses!
 You hit the Grey-elf!
 You kill the Grey-elf!
 A board beneath the giant ant squeaks a G note loudly.
 You hit the giant ant!
 The giant ant misses!
 A board beneath the giant ant squeaks a G note loudly.
 You kill the giant ant!
 The giant ant bites!
 You hit the giant ant!
 The giant ant bites!
 The Grey-elf swings her elven bow.
 The Grey-elf hits!
 You die...
 Do you want your possessions identified? [ynq] (y) q

Inventory:
 Coins    ('$')
  $ - 389 gold pieces
 Amulets  ('"')
  U - a cursed amulet of restful sleep
 Weapons  (')')
  K - 11 cursed -3 darts
  h - a poisoned +0 dart
  a - a rusty +2 spear (weapon in right hand)
 Armor    ('[')
  E - a blessed +0 dwarvish iron helm (being worn)
  o - an uncursed +0 pair of leather gloves (being worn)
  S - an uncursed +0 pair of elven boots
  O - a cursed +0 pair of iron shoes (being worn)
  I - a cursed -1 pair of levitation boots
  c - an uncursed +3 small shield (being worn)
 Comestibles  ('%')
  H - 2 uncursed food rations
  T - 2 uncursed fortune cookies
  V - an uncursed lizard corpse
 Scrolls  ('?')
  A - a blessed scroll of blank paper
  L - 3 uncursed scrolls of blank paper
  Y - a blessed scroll of food detection
  m - an uncursed scroll of identify
  R - an uncursed scroll of teleportation
 Potions  ('!')
  s - a blessed potion of healing
  P - an uncursed potion of object detection
  v - an uncursed potion of see invisible
  W - an uncursed potion of water
 Rings    ('=')
  j - a blessed +0 ring of increase accuracy
 Wands    ('/')
  F - a wand of cancellation (0:5)
  M - a wand of light (0:14)
  J - a wand of polymorph (0:7)
  Q - a wand of striking (0:3)
 Tools    ('(')
  X - an empty uncursed sack
  l - an uncursed brass lantern
  e - a +0 pick-axe
  k - an uncursed skeleton key

ButtonHitter the Valkyrie's attributes:

Background:
 You were a Fighter, a level 7 human Valkyrie.
 You were neutral, on a mission for Odin
 who was opposed by Tyr (lawful) and Loki (chaotic).
 You were right-handed.
 You were in the Gnomish Mines, on level 10.
 You entered the dungeon 3567 turns ago.
 You had 1178 experience points, 102 more were needed to attain level 8.

Basics:
 You had 0 out of 62 hit points.
 You had all 21 energy points (spell power).
 Your armor class was 1.
 Your wallet contained 389 zorkmids.
 Autopickup was off.

Final Characteristics:
 Your strength was 18 (limit:18/100).
 Your dexterity was 11 (peak:13, limit:18).
 Your constitution was 18 (limit:18).
 Your intelligence was 10 (limit:18).
 Your wisdom was 8 (limit:18).
 Your charisma was 8 (limit:18).

Final Status:
 You weren't hungry.
 You were unencumbered.
 You were wielding a spear.
 You had expert skill with spear.

Final Attributes:
 You were piously aligned.
 You were cold resistant.
 You were stealthy.
 You were fast.
 You are dead.

Miscellaneous:
 You didn't encounter any bones levels.
 Total elapsed playing time was 28 minutes and 41 seconds.

Major events:
 Turn
    1: ButtonHitter the neutral human Valkyrie entered the dungeon
 1165: attained the rank of Skirmisher (level 3)
 1179: entered the Gnomish Mines
 1813: attained the rank of Fighter (level 6)
 1884: reached Mine Town
 3567: killed by a Grey-elf

You didn't know any spells.

Skills:
 Fighting Skills
   bare handed combat [Unskilled]
   two weapon combat  [Unskilled]
   riding             [Unskilled]
 Weapon Skills
   dagger             [Basic]
   axe                [Unskilled]
   pick-axe           [Unskilled]
   short sword        [Unskilled]
   broadsword         [Unskilled]
   long sword         [Unskilled]
   two-handed sword   [Unskilled]
   saber              [Unskilled]
   hammer             [Unskilled]
   quarterstaff       [Unskilled]
   polearms           [Unskilled]
   spear              [Expert]
   trident            [Unskilled]
   lance              [Unskilled]
   sling              [Unskilled]
 Spellcasting Skills
   attack spells      [Unskilled]
   escape spells      [Unskilled]

Voluntary challenges:
 Character rerolling was not enabled.
 You never genocided any monsters.
 You never polymorphed an object.
 You never changed form.
 You used no wishes.
Achievements:
 You entered a shop.
 You attained the rank of Skirmisher.
 You entered the Gnomish Mines.
 You attained the rank of Fighter.
 You entered Minetown.
 You entered a temple.

 The Dungeons of Doom: levels 1 to 5
    Level 1:
       An altar to Odin, a fountain.
    Level 2:
       A tool shop, many fountains.
    Level 3:
       A general store.
    Level 4:
       A food shop, many fountains.
       Stairs down to The Gnomish Mines.
    Level 5:
 The Gnomish Mines: levels 5 to 10
    Level 5:
    Level 6:
    Level 7:
       Many shops, a temple and an altar, some fountains.
    Level 8:
    Level 9:
    Level 10: <- You were here.
       Final resting place for
          you, killed by a Grey-elf.


Vanquished creatures:
  a large mimic
  a small mimic
  3 Grey-elves
  a giant beetle
  a gnome ruler
  a lizard
  a wood nymph
  a mountain nymph
  a rock mole
  9 gnome leaders
  3 gnomish wizards
  a straw golem
  2 paper golems
  5 giant ants
  a little dog
 10 dwarves
  a rothe
  a werejackal
  a gas spore
  a large kobold
  2 hobgoblins
  3 giant rats
  a cave spider
  a yellow mold
 35 gnomes
  a garter snake
  a gnome zombie
  a gecko
 11 jackals
  a kobold
  a goblin
  3 grid bugs
  5 lichens
  4 newts
116 creatures vanquished.

No species were genocided or became extinct.

Game over:
                       ----------
                      /          \
                     /    REST    \
                    /      IN      \
                   /     PEACE      \
                  /                  \
                  |   ButtonHitter   |
                  |      389 Au      |
                  |   killed by a    |
                  |     Grey-elf     |
                  |                  |
                  |                  |
                  |       2026       |
                 *|     *  *  *      | *
        _________)/\\_//(\/(/\)/\//\/|_)_______

Farvel ButtonHitter the Valkyrie...

You died in The Gnomish Mines on dungeon level 10 with 5543 points,
and 389 pieces of gold, after 3567 moves.
You were level 7 with a maximum of 62 hit points when you died.

